Map: Ever Dream LE

Players

SpeCial

  • Race: Terran Terran
  • League: Diamond
  • Spawn Location: 1:00

LiquidClem (Clem) - Winner!

  • Race: Terran Terran
  • League: Bronze
  • Spawn Location: 7:00

Event: DreamHack SC2 Masters 2020 Fall

VOD

Have the link to the VOD?

Description

Time

  • Played on: Sept. 17, 2020, 9:52 a.m.
  • Length: 7:33

All games in this series

Show
View Real Time Build Order
Export as new Build Order

SpeCial Terran 

Build Orders: Gas First Reaper Expand, Hellion Opening 

Get SALT Encoding   

  12  0:00  SCV  
  13  0:12  SCV  
  14  0:17  Supply Depot  
  14  0:24  SCV  
  14  0:27  Refinery  
  15  0:38  SCV  
  16  0:44  Barracks  
  16  0:50  SCV  
  17  1:03  SCV  
  18  1:15  SCV  
  19  1:31  Orbital Command, Reaper  
  20  1:41  Command Center  
  20  1:52  Factory  
  20  1:58  SCV  
  21  2:07  Barracks Reactor  
  21  2:10  SCV  
  21  2:13  Supply Depot  
  22  2:18  Refinery  
  22  2:22  SCV  
  22  2:34  SCV  
  23  2:45  Starport  
  23  2:48  Hellion x2  
  23  2:50  SCV  
  28  2:51  Barracks Tech Lab  
  28  2:54  Orbital Command  
  28  3:02  SCV  
  29  3:09  Hellion  
  29  3:12  Hellion  
  33  3:14  SCV  
  33  3:19  SCV  
  35  3:26  SCV  
  36  3:29  Raven  
  36  3:30  Hellion  
  36  3:31  SCV  
  36  3:33  Hellion  
  43  3:36  Supply Depot  
  43  3:39  SCV  
  44  3:41  Barracks Tech Lab  
  44  3:44  SCV  
  44  3:47  Refinery  
  45  3:52  SCV  
  46  3:58  SCV, Supply Depot  
  47  4:06  Marine x2  
  47  4:07  Cyclone  
  47  4:09  SCV  
  51  4:10  SCV  
  52  4:20  Raven  
  52  4:22  SCV x2  
  56  4:25  Marine x2  
  58  4:32  Command Center  
  58  4:34  SCV  
  57  4:43  Marine x2  
  58  4:45  Siege Tank  
  58  4:47  SCV  
  58  4:51  SCV  
  59  5:00  Supply Depot  
  59  5:01  Refinery, Marine x2  
  61  5:08  SCV  
  61  5:10  Raven, SCV  
  65  5:18  Siege Tank  
  65  5:19  Marine x2  
  70  5:21  SCV  
  70  5:22  SCV, Supply Depot  
  70  5:24  Supply Depot  
  72  5:34  SCV  
  73  5:36  Marine  
  73  5:37  Marine  
  73  5:38  SCV  
  74  5:45  Orbital Command  
  74  5:46  SCV  
  74  5:47  Supply Depot  
  75  5:58  Siege Tank  
  75  6:00  SCV  
  79  6:04  Viking x2  
  79  6:05  Marine  
  84  6:13  Barracks x2  
  83  6:21  SCV x3  
  83  6:23  Marine  
  87  6:27  Engineering Bay  
  87  6:29  Engineering Bay  
  85  6:33  Siege Tank  
  85  6:38  Viking x2  
  91  6:40  SCV  
  91  6:41  Marine  
  87  6:49  SCV x2  
  88  6:58  Marine  
  85  7:04  SCV  
  80  7:09  SCV x2  
Show
View Real Time Build Order
Export as new Build Order

LiquidClem Terran - Winner!

Build Orders:  

Get SALT Encoding   

  12  0:00  SCV  
  13  0:12  SCV  
  14  0:17  Supply Depot  
  14  0:24  SCV  
  15  0:39  SCV  
  15  0:40  Barracks  
  16  0:44  Refinery  
  16  0:51  SCV  
  16  0:55  Refinery  
  17  1:03  SCV  
  18  1:15  SCV  
  19  1:28  Orbital Command, Reaper  
  19  1:29  Supply Depot  
  20  1:41  Factory  
  20  1:53  SCV  
  21  2:00  Reaper  
  22  2:05  SCV  
  23  2:17  SCV  
  24  2:24  Command Center  
  24  2:27  Hellion  
  24  2:29  SCV  
  27  2:33  Barracks Reactor  
  27  2:39  Starport  
  27  2:45  Supply Depot  
  27  2:48  SCV  
  27  2:49  Factory Tech Lab  
  28  3:00  SCV  
  29  3:08  Cyclone  
  29  3:09  Marine  
  29  3:10  Marine  
  34  3:13  SCV  
  34  3:15  Medivac  
  37  3:22  Refinery  
  38  3:27  SCV, Marine  
  39  3:36  Marine  
  39  3:38  Orbital Command  
  39  3:39  SCV  
  41  3:44  Siege Tank  
  41  3:46  Starport Tech Lab  
  44  3:51  SCV  
  44  3:54  Marine  
  46  3:57  Supply Depot  
  46  4:03  SCV  
  46  4:06  SCV  
  46  4:08  Raven  
  50  4:14  Marine  
  50  4:15  SCV  
  52  4:18  SCV  
  52  4:23  Supply Depot  
  53  4:28  Siege Tank  
  53  4:30  Marine  
  56  4:34  SCV  
  56  4:37  Marine  
  58  4:40  SCV  
  58  4:46  SCV  
  58  4:52  SCV  
  56  4:54  Viking  
  56  4:58  SCV  
  58  5:04  SCV  
  58  5:05  Siege Tank  
  58  5:06  Marine x2  
  64  5:10  SCV  
  65  5:16  SCV  
  65  5:17  Supply Depot  
  65  5:20  Supply Depot  
  66  5:22  SCV  
  67  5:29  SCV  
  67  5:34  Viking  
  70  5:38  Viking, Siege Tank, SCV, Marine  
  70  5:41  SCV, Supply Depot  
  78  5:50  SCV  
  78  5:53  SCV  
  78  5:58  Marine  
  78  6:01  Command Center  
  78  6:03  SCV  
  80  6:06  Viking  
  80  6:08  Viking  
  80  6:10  Supply Depot  
  80  6:11  SCV, Widow Mine  
  86  6:15  SCV  
  88  6:19  Marine  
  88  6:21  Supply Depot  
  88  6:23  SCV, Refinery  
  90  6:27  SCV  
  91  6:35  Barracks  
  91  6:36  Barracks  
  91  6:37  Siege Tank  
  94  6:40  SCV  
  94  6:42  SCV  
  93  6:47  Viking  
  93  6:52  Viking  
  93  6:53  Marine  
  96  6:54  SCV  
  96  7:00  SCV  
  93  7:06  SCV  
  92  7:11  Marine  
  92  7:12  SCV  

Tags
 
Add a new tag
Caveats
  • Supply blocks, unpowered buildings, or Contaminate may cause inaccurate times.
  • Supply counts are checked every 10 seconds.